 Dungeon Crawl Stone Soup version 0.17-a0-1954-g0dddeaa (webtiles) character file.

96485 4thArraOfDagon the Severer (level 15, -17/128 HPs)
             Began as a Minotaur Gladiator on Oct 4, 2015.
             Was a High Priest of Cheibriados.
             Killed from afar by a merfolk aquamancer (18 damage)
             ... with a ball of steam
             ... on level 4 of the Shoals.
             The game lasted 00:59:18 (9052 turns).

4thArraOfDagon the Severer (Minotaur Gladiator)     Turns: 9052, Time: 00:59:18

Health: -17/128    AC: 15    Str: 42    XL:     15   Next: 69%
Magic:  18/23      EV: 34    Int: 25    God:    Cheibriados [*****.]
Gold:   1989       SH:  0    Dex: 30    Spells: 2 memorised, 11 levels left

rFire  . . .     SeeInvis .     T - +3 battleaxe (freeze)
rCold  + + .     Clarity  .     l - +1 troll leather armour
rNeg   . . .     SustAt   .     (no shield)
rPois  .         Gourm    .     c - +0 hat
rElec  .         Spirit   .     U - +2 cloak {rC+}
rCorr  .         Warding  .     r - +1 pair of gloves "Ylles" {rC+ MR+ Dex+3}
rMut   .         Stasis   .     (no boots)
MR     +++..                    (no amulet)
Stlth  ++........               q - ring of protection from magic
                                s - ring of wizardry

@: mighty, agile, drained, very slow, extremely resistant to hostile
enchantments, unstealthy
A: retaliatory headbutt, horns 2, talons 1, rough black scales 1, clever 1,
regeneration 1, screaming 1, strong 1
a: Bend Time, Temporal Distortion, Slouch, Step From Time, Renounce Religion


You were on level 4 of the Shoals.
You worshipped Cheibriados.
Cheibriados was extremely pleased with you.
You were not hungry.

You visited 4 branches of the dungeon, and saw 29 of its levels.
You also visited: Labyrinth, Ice Cave and Volcano.

You collected 2262 gold pieces.
You spent 273 gold pieces at shops.

Inventory:

Hand weapons
 y - a +1 battleaxe of freezing
 I - a +1 battleaxe of flaming
 T - a +3 battleaxe of freezing (weapon)
Missiles
 Q - 2 throwing nets (quivered)
Armour
 c - a +0 hat (worn)
 l - a +1 troll leather armour (worn)
 r - the +1 pair of gloves "Ylles" (worn) {rC+ MR+ Dex+3}
   (You found it in a labyrinth)

   It affects your dexterity (+3).
   It protects you from cold.
   It affects your resistance to hostile enchantments.
 K - the +1 leather armour of Vlad {MR++}
   (You found it on level 2 of the Lair of Beasts)

   It affects your resistance to hostile enchantments.
 U - a +2 cloak of cold resistance (worn)
Rods
 v - a +4 iron rod (14/14)
   (You found it in a labyrinth)
 D - a +1 rod of inaccuracy (14/14)
   (You found it in a labyrinth)
 E - a +2 rod of shadows (9/9)
   (You found it in a labyrinth)
Jewellery
 d - an uncursed ring of stealth
 q - a ring of protection from magic (right hand)
 s - a ring of wizardry (left hand)
 L - a +1 ring of protection
 O - a +4 ring of dexterity
Magical devices
 g - a wand of draining (0)
 h - a wand of teleportation (1)
 i - a wand of draining (3)
 k - a wand of fire (0)
 u - a wand of heal wounds (6)
 F - a wand of lightning (0)
 G - a wand of fire (0)
 M - a wand of cold (0)
Scrolls
 b - 2 scrolls of remove curse
 f - a scroll of noise
 p - 2 scrolls of immolation
 z - a scroll of holy word
 N - a scroll of fog
 Y - a scroll of blinking
Potions
 m - 2 potions of curing
 n - 4 potions of might
 w - 2 potions of agility
 x - a potion of ambrosia
 B - a potion of brilliance
 J - a potion of berserk rage
 R - 2 potions of resistance
 V - a potion of cancellation
 Z - a potion of lignification
Books
 t - the Handbook of the Helpful Snowflakes
   (You found it on level 4 of the Shoals)

   Spells                             Type                      Level
   a - Freeze                         Ice                          1
   b - Shroud of Golubria             Charms/Translocation         2
   c - Regeneration                   Charms/Necromancy            3
   d - Throw Icicle                   Conjuration/Ice              4
   e - Condensation Shield            Ice                          4
   f - Metabolic Englaciation         Hexes/Ice                    5
Miscellaneous
 A - a lamp of fire (inert)
 H - a phial of floods (inert)
Comestibles
 a - 10 fruits
 e - 12 bread rations
 j - 6 meat rations
 o - 10 slices of pizza
 C - 3 chunks of flesh
 P - a beef jerky
 X - a royal jelly


   Skills:
 - Level 10.6(10.0) Fighting
 - Level 20.0(19.3) Axes
 - Level 2.0(1.5) Throwing
 - Level 5.3(4.8) Armour
 - Level 14.4(13.8) Dodging
 + Level 1.8(1.3) Spellcasting
 * Level 3.1(2.6) Charms
 * Level 3.3(2.9) Necromancy
 - Level 12.0(11.4) Invocations
 - Level 5.0(4.5) Evocations


You had 11 spell levels left.
You knew the following spells:

 Your Spells              Type           Power        Failure   Level  Hunger
a - Conjure Flame         Conj/Fire      #.......     19%         3    ###....
b - Regeneration          Chrm/Necr      ###.......   6%          3    ###....


Dungeon Overview and Level Annotations

Branches:
Dungeon (13/15)            Temple (0/1) D:7            Lair (8/8) D:10
 Shoals (4/4) Lair:3          Orc (4/4) D:12            Elf (0/3) Orc:3
  Snake: Lair:3-6    Spider: Lair:3-6     Slime: Lair:6-8    Vaults: D:13-14

Altars:
Cheibriados
Fedhas
Makhleb
Nemelex Xobeh
Okawaru
Qazlal
Beogh

Shops:
D:7 !   Orc:4 *!(%

Portals:
Hell: Lair:8

Annotations:
D:8 Joseph
Shoals:4 Ilsuiw


Innate Abilities, Weirdness & Mutations

You reflexively headbutt those who attack you in melee.
You have a pair of horns on your head.
You have sharp toenails.
You are partially covered in rough black scales (AC +4, Dex -1).
Your mind is acute. (Int +2)
Your natural rate of healing is unusually fast.
You occasionally shout uncontrollably at your foes.
Your muscles are strong. (Str +2)


Message History

The harpy completely misses you. x2
You furiously retaliate!
You headbutt the harpy! The harpy completely misses you.
Your water elemental completely misses the merfolk aquamancer.
Unknown command.
Unknown command.
Unknown command.
Your unstable footing causes you to fumble your attack.
The harpy screeches!
Your water elemental disappears in a puff of smoke!
The harpy misses you. You furiously retaliate!
You headbutt the harpy!!
You kill the harpy!
Cheibriados thoroughly appreciates the change of pace.
The harpy claws you!
* * * LOW HITPOINT WARNING * * *
The harpy claws you!
* * * LOW HITPOINT WARNING * * *
The merfolk aquamancer casts a spell at you.
The ball of steam hits you!
You die...

≈≈≈≈≈≈≈≈≈≈≈≈≈≈≈≈≈≈≈≈≈
≈≈≈≈≈≈≈≈≈≈≈≈≈≈≈≈≈≈≈≈≈≈≈≈
≈≈≈≈≈≈≈≈≈≈≈≈≈≈m≈≈≈≈≈≈≈≈≈
≈≈≈≈≈≈≈≈≈≈≈≈≈≈≈≈≈≈≈≈≈≈≈.
≈≈≈≈≈≈≈≈≈≈≈≈≈≈≈≈≈≈≈≈≈≈..
≈≈≈≈≈≈≈≈≈≈≈≈≈≈≈≈≈≈≈≈≈≈..
≈≈≈≈≈≈≈≈≈≈≈≈≈≈≈≈≈≈≈≈....
≈≈≈≈≈≈≈≈)≈≈≈≈≈≈≈≈≈≈.....
≈≈≈≈≈≈≈@)≈≈≈≈≈≈≈≈≈......
≈≈≈≈≈≈H≈§######≈≈.......
≈≈≈≈≈≈≈)#m≈≈≈≈##........
≈≈≈≈≈≈≈#cC#≈≈≈≈##.......
≈≈≈≈≈≈# ≈≈m #≈≈≈#.......
≈≈≈≈X≈ #≈≈≈ ≈≈#.......
≈≈≈≈≈≈ ≈≈## #.......
≈≈≈≈≈≈≈ #≈# #.......
≈≈≈≈≈≈≈≈# ≈≈ #.......


You could see a kraken, a merfolk avatar, a satyr, a merfolk aquamancer, a
merfolk, a cyclops and a harpy.

Vanquished Creatures
  A kraken (Shoals:3)
  Maud (D:10)
  An orc warlord (Orc:4)
  A frost giant (IceCv)
  A stone giant (Orc:4)
  Nessos (Lair:8)
  2 dire elephants (Lair:8)
  Snorg (Orc:2)
  5 merfolk impalers
  A minotaur (Lab)
  An ice dragon (Lair:6)
  An ogre mage (Volcano)
  4 hydras
  Erolcha (D:9)
  3 merfolk avatars (Shoals:4)
  Erica (D:10)
  A satyr (Shoals:4)
  An alligator snapping turtle (Shoals:4)
  3 merfolk aquamancers (Shoals:4)
  The ghost of glosham the Ducker, an experienced DgSk (Lair:1)
  5 death yaks
  4 orc high priests (Orc:4)
  A sun demon (Lair:8)
  An ice statue (IceCv)
  2 sea snakes
  A wizard (Lair:8)
  A hill giant (D:10)
  3 orc sorcerers (Orc:4)
  A cyclops (D:12)
  2 harpies (Shoals:4)
  2 fauns (Shoals:4)
  3 manticores
  5 griffons
  4 orc knights
  2 water nymphs (Shoals:4)
  3 elephants (Lair:8)
  5 sirens
  2 orange demons (Lair:8)
  A torpor snail (Lair:8)
  4 black mambas
  A gargoyle (Lab)
  A smoke demon (Lair:8)
  9 komodo dragons
  10 spiny frogs
  3 fire drakes (Lair:8)
  A hellwing (Lair:8)
  10 trolls
  4 red devils (Lair:8)
  11 merfolk
  3 blue devils (Lair:8)
  17 polar bears
  9 blink frogs
  5 two-headed ogres
  2 snapping turtles
  A human (D:7)
  A vampire (D:12)
  6 water elementals
  39 yaks
  2 deep elf magi
  A wraith (D:11)
  A wyvern (D:11)
  A hill giant zombie (D:12)
  3 basilisks
  11 hippogriffs
  A vampire mosquito (D:12)
  2 mottled dragons (D:12)
  15 water moccasins
  6 hungry ghosts
  29 wolves
  3 wargs
  A hell hound (Lair:8)
  6 porcupines
  An ice beast (D:12)
  2 black bears
  3 sky beasts
  3 phantoms
  50 orc warriors
  4 centaurs
  10 crocodiles
  21 ogres
  A big kobold (D:11)
  8 giant frogs
  An earth elemental (Lab)
  2 scorpions (D:12)
  A troll zombie (D:12)
  4 wights (D:7)
  2 crimson imps
  A giant frog zombie (D:10)
  2 centaur zombies
  4 iguanas
  A jelly (D:12)
  34 orc priests
  2 giant frog skeletons
  A wasp zombie (D:11)
  34 orc wizards
  2 centaur skeletons
  5 hounds
  4 worker ants
  21 sheep
  6 ogre zombies (D:12)
  2 hound skeletons
  8 adders
  22 river rats
  4 gnolls
  A shadow imp (D:5)
  2 adder zombies (D:5)
  A giant gecko (D:6)
  279 orcs
  A ball python (D:1)
  4 bats
  2 giant cockroaches
  A goblin (D:1)
  5 hobgoblins
  6 jackals
  7 kobolds
  2 quokkas
  A goblin skeleton (D:12)
  4 goblin zombies (D:12)
  4 hobgoblin zombies (D:12)
  2 orc skeletons (D:12)
  10 orc zombies (D:12)
  A quokka skeleton (D:8)
  A quokka zombie (D:7)
  6 rats
  A fungus (Lair:3)
  3 plants (Shoals:4)
  A tentacle (Shoals:3)
910 creatures vanquished.

Vanquished Creatures (collateral kills)
  An orc knight (Orc:4)
  A snapping turtle (Shoals:4)
  An orc warrior (Orc:4)
  3 orcs (Orc:4)
6 creatures vanquished.

Vanquished Creatures (others)
  An ogre (D:11)
  A centaur (D:11)
  A shadow imp (D:10)
  A fungus (D:10)
  3 plants
  14 tentacles (Shoals:3)
  520 tentacle segments (Shoals:3)
541 creatures vanquished.

Grand Total: 1457 creatures vanquished

Notes
Turn   | Place    | Note
--------------------------------------------------------------
     0 | D:1      | 4thArraOfDagon the Minotaur Gladiator began the quest for the Orb.
     0 | D:1      | Reached XP level 1. HP: 18/18 MP: 0/0
   125 | D:1      | Reached skill level 1 in Armour
   125 | D:1      | Reached XP level 2. HP: 18/25 MP: 1/1
   137 | D:1      | Reached skill level 4 in Axes
   191 | D:2      | Found a stormy altar of Qazlal.
   233 | D:2      | Found a blossoming altar of Fedhas.
   281 | D:3      | Reached XP level 3. HP: 28/30 MP: 2/2
   319 | D:4      | Noticed an ogre
   331 | D:4      | Killed an ogre
   331 | D:4      | Reached skill level 5 in Axes
   331 | D:4      | Reached XP level 4. HP: 36/38 MP: 3/3
   345 | D:4      | Reached XP level 5. HP: 26/45 MP: 4/4
   428 | D:4      | Found an iron altar of Okawaru.
   505 | D:5      | Entered Level 5 of the Dungeon
   514 | D:5      | Noticed an ogre
   525 | D:5      | Killed an ogre
   525 | D:5      | Reached XP level 6. HP: 28/52 MP: 5/5
   552 | D:5      | Noticed a centaur
   557 | D:5      | Killed a centaur
   557 | D:5      | Reached skill level 6 in Axes
   668 | D:5      | Found a snail-covered altar of Cheibriados.
   673 | D:5      | Became a worshipper of Cheibriados the Contemplative
   883 | D:7      | Found a sparkling altar of Nemelex Xobeh.
   924 | D:7      | Found a staircase to the Ecumenical Temple.
   954 | D:7      | Reached XP level 7. HP: 47/60 MP: 6/6
   962 | D:7      | Reached skill level 1 in Invocations
   977 | D:7      | Found a blossoming altar of Fedhas.
  1007 | D:7      | Reached skill level 5 in Dodging
  1058 | D:7      | Noticed a deep elf mage
  1062 | D:7      | Reached skill level 7 in Axes
  1074 | D:7      | Killed a deep elf mage
  1074 | D:7      | Acquired Cheibriados's first power
  1074 | D:7      | Reached skill level 5 in Fighting
  1119 | D:7      | Found Nishres's Distillery.
  1122 | D:7      | Bought a potion of heal wounds for 70 gold pieces
  1122 | D:7      | Bought a potion of mutation for 35 gold pieces
  1122 | D:7      | Gained mutation: You have sharp toenails. [potion of mutation]
  1122 | D:7      | Gained mutation: Your natural rate of healing is unusually fast. [potion of mutation]
  1122 | D:7      | Gained mutation: Your spells are a little easier to cast, but a little less powerful. [potion of mutation]
  1123 | D:7      | Bought a potion of curing for 42 gold pieces
  1123 | D:7      | Bought a potion of degeneration for 14 gold pieces
  1259 | D:7      | Reached XP level 8. HP: 62/68 MP: 8/8
  1275 | D:7      | Noticed a human
  1275 | D:7      | Noticed a yak
  1292 | D:7      | Killed a human
  1312 | D:7      | Killed a yak
  1312 | D:7      | Reached skill level 8 in Axes
  1474 | D:8      | Reached skill level 5 in Armour
  1516 | D:8      | Noticed Joseph
  1517 | D:8      | :(
  1652 | D:8      | Reached skill level 9 in Axes
  1725 | D:9      | Noticed a troll
  1734 | D:9      | Killed a troll
  1734 | D:9      | Reached XP level 9. HP: 71/78 MP: 9/11
  1916 | D:9      | uhh
  1949 | D:9      | WTF
  1949 | D:9      | LAB
  2037 | D:10     | Entered Level 10 of the Dungeon
  2058 | D:10     | Noticed Erica
  2105 | D:9      | Noticed Erolcha
  2116 | D:9      | Killed Erolcha
  2116 | D:9      | Reached skill level 10 in Axes
  2123 | D:9      | Reached skill level 5 in Invocations
  2270 | D:10     | Noticed a hill giant
  2278 | D:10     | Killed a hill giant
  2278 | D:10     | Reached skill level 1 in Evocations
  2278 | D:10     | Reached XP level 10. HP: 35/88 MP: 12/12
  2295 | D:10     | Reached skill level 11 in Axes
  2310 | D:10     | Acquired Cheibriados's second power
  2316 | D:10     | Found a staircase to the Lair.
  2381 | D:10     | :(
  2440 | D:10     | Noticed Maud
  2441 | D:10     | :(
  2726 | D:11     | Reached skill level 12 in Axes
  2896 | D:12     | Reached XP level 11. HP: 26/97 MP: 6/14
  3012 | D:12     | Noticed a cyclops
  3028 | D:12     | Killed a cyclops
  3187 | D:12     | Found a staircase to the Orcish Mines.
  3194 | D:12     | Acquired Cheibriados's third power
  3331 | Orc:1    | Entered Level 1 of the Orcish Mines
  3375 | Orc:1    | Acquired Cheibriados's fourth power
  3390 | Orc:1    | Found a roughly hewn altar of Beogh.
  3471 | Orc:2    | Noticed Snorg
  3474 | Orc:3    | Found a staircase to the Elven Halls.
  3487 | Orc:2    | Killed Snorg
  3487 | Orc:2    | Reached skill level 13 in Axes
  3921 | Orc:3    | Reached skill level 10 in Fighting
  3978 | Orc:3    | Found a roughly hewn altar of Beogh.
  4029 | Orc:4    | Entered Level 4 of the Orcish Mines
  4119 | Orc:4    | Reached skill level 5 in Evocations
  4246 | Orc:4    | Reached skill level 14 in Axes
  4246 | Orc:4    | Reached XP level 12. HP: 84/106 MP: 16/16
  4257 | Orc:4    | Reached skill level 10 in Dodging
  4310 | Orc:4    | Noticed a stone giant
  4317 | Orc:4    | Killed a stone giant
  4679 | Orc:4    | Found Wagoej's Food Boutique.
  4687 | Orc:4    | Paralysed by an orc sorcerer for 7 turns
  4725 | Orc:4    | Found a roughly hewn altar of Beogh.
  4765 | Orc:4    | Found Gerhycs's Weapon Shop.
  4774 | Orc:4    | :)
  4844 | Orc:4    | Noticed an orc warlord
  4989 | Orc:4    | Killed an orc warlord
  4989 | Orc:4    | Reached skill level 15 in Axes
  5036 | Orc:4    | Noticed an orc high priest
  5040 | Orc:4    | Noticed an orc high priest
  5045 | Orc:4    | Killed an orc high priest
  5051 | Orc:4    | Killed an orc high priest
  5095 | Orc:4    | Noticed an orc high priest
  5098 | Orc:4    | Killed an orc high priest
  5133 | Orc:4    | Found Kocw's Distillery.
  5141 | Orc:4    | Bought a potion of might for 56 gold pieces
  5141 | Orc:4    | Bought a potion of agility for 56 gold pieces
  5161 | Orc:4    | Found a roughly hewn altar of Beogh.
  5168 | Orc:4    | Noticed an orc high priest
  5182 | Orc:4    | Killed an orc high priest
  5198 | Orc:4    | Found Dituecze's General Store.
  5208 | Orc:4    | :)
  5208 | Orc:4    | ctrl+q
  5324 | Orc:4    | Reached XP level 13. HP: 44/113 MP: 2/18
  5332 | Orc:4    | Reached skill level 16 in Axes
  5649 | D:10     | Killed Erica
  5666 | D:10     | Killed Maud
  5723 | Lair:1   | Entered Level 1 of the Lair of Beasts
  5733 | Lair:1   | Noticed glosham's ghost (experienced DgSk)
  5742 | Lair:1   | Killed glosham's ghost
  5815 | Lair:1   | Found a labyrinth entrance.
  5825 | Lab      | Entered a labyrinth
  6122 | Lab      | HP: 5/113 [minotaur (9)]
  6134 | Lab      | Got a pair of steaming gloves
  6142 | Lab      | Identified the +1 pair of gloves "Ylles" {rC+ MR+ Dex+3} (You found it in a labyrinth)
  6174 | Lair:1   | Identified a +2 rod of shadows (9/9) (You found it in a labyrinth)
  6175 | Lair:1   | Identified a +1 rod of inaccuracy (14/14) (You found it in a labyrinth)
  6280 | Lair:1   | You fall through a shaft!
  6360 | Lair:2   | Found a dark tunnel.
  6366 | Volcano  | Entered a volcano
  6383 | Volcano  | Reached skill level 10 in Invocations
  6386 | Volcano  | Reached skill level 17 in Axes
  6451 | Lair:2   | Got an encrusted leather armour
  6463 | Lair:2   | Identified the +1 leather armour of Vlad {MR++} (You found it on level 2 of the Lair of Beasts)
  6515 | Lair:3   | Found a staircase to the Shoals.
  6800 | Lair:6   | Found a frozen archway.
  6840 | IceCv    | Entered an ice cave
  6863 | IceCv    | Reached XP level 14. HP: 78/121 MP: 21/21
  7055 | IceCv    | Reached skill level 18 in Axes
  7125 | IceCv    | Noticed a frost giant
  7141 | IceCv    | Killed a frost giant
  7386 | Lair:8   | Entered Level 8 of the Lair of Beasts
  7490 | Lair:7   | You fall through a shaft!
  7574 | Lair:8   | Reached skill level 19 in Axes
  7612 | Lair:8   | Found a burning altar of Makhleb.
  7622 | Lair:8   | Found a gateway to Hell.
  7748 | Lair:8   | Noticed Nessos
  7758 | Lair:8   | Killed Nessos
  7879 | Lair:7   | Reached XP level 15. HP: 126/126 MP: 23/23
  8121 | Shoals:1 | Entered Level 1 of the Shoals
  8202 | Shoals:2 | Learned a level 3 spell: Conjure Flame
  8232 | Shoals:3 | Reached skill level 20 in Axes
  8237 | Shoals:3 | Noticed a kraken
  8293 | Shoals:4 | Entered Level 4 of the Shoals
  8415 | Shoals:4 | Identified the Handbook of the Helpful Snowflakes (You found it on level 4 of the Shoals)
  8420 | Shoals:4 | Learned a level 3 spell: Regeneration
  8538 | Shoals:4 | Lost mutation: Your spells are a little easier to cast, but a little less powerful. [potion of mutation]
  8538 | Shoals:4 | Gained mutation: Your muscles are strong. (Str +2) [potion of mutation]
  8538 | Shoals:4 | Gained mutation: You occasionally shout uncontrollably at your foes. [potion of mutation]
  8539 | Shoals:4 | Gained mutation: You are partially covered in rough black scales (AC +4, Dex -1). [potion of mutation]
  8556 | Shoals:3 | Killed a kraken
  8567 | Shoals:3 | Gained mutation: Your mind is acute. (Int +2) [potion of beneficial mutation]
  8596 | Shoals:4 | Reached skill level 1 in Necromancy
  8619 | Shoals:4 | Reached skill level 1 in Charms
  8756 | Shoals:4 | Reached skill level 1 in Spellcasting
  8917 | Shoals:4 | Noticed Ilsuiw
  9050 | Shoals:4 | Noticed a kraken
  9052 | Shoals:4 | HP: 1/128 [harpy (7)]
  9052 | Shoals:4 | Killed from afar by a merfolk aquamancer

Vault maps used:
D:1:      scummos_arrival_hexagon
D:2:      lemuel_round_altar, lemuel_doored_altar,
          gammafunk_temple_overflow_statue, grunt_qazlal_clouds
D:3:      uniq_sigmund, uniq_jessica, uniq_grinder, uniq_robin
D:4:      okawaru_trees_2, kennysheep_mini, first_bread
D:5:      kennysheep_little_box
D:7:      minitemple, tgw_xom, minmay_temple_entry_junction, basic_altar,
          serial_shops, nicolae_shop_competitors_out_of_business,
          grunt_livestock
D:8:      uniq_joseph, uniq_prince_ribbit1
D:9:      kennysheep_big_flooded_room, serial_shops, shop,
          makhleb_altar_promises_db, uniq_erolcha
D:10:     due_lair_maze_entry_diamond, uniq_maud, uniq_harold, uniq_erica
D:11:     st_stairs_13, kennysheep_crisscross, lemuel_nasty_fountain
D:12:     zombieorc2_lemuel, wad_rectangle_vault
D:13:     spider_trap, kennysheep_nondescript, nrook_uturn
Lair:1:   lab_entry_generic, beast_lair_carwin_3
Lair:2:   enter_volcano_1
Lair:3:   minmay_shoals_entry_lonely_mermaid
Lair:4:   grunt_megastairs_4
Lair:5:   grunt_megastairs_3, serial_bayou_shore_b
Lair:6:   spider_nest_entry_rubble, dpeg_slime_entry_enclosed_altar,
          portal_ice_cave_entry_animals_and_master, grunt_megastairs_2
Lair:7:   beast_lair_carwin_8
Lair:8:   evil_forest, uniq_nessos
Shoals:1: nicolae_shoals_loop_pool
Shoals:2: nicolae_shoals_flooded_hall
Shoals:3: serial_shops, shop_coins, hangedman_shoal_octodias
Shoals:4: shoals_end_hangedman, shoals_ilsuiw_alternative
Orc:1:    minmay_orc_temple_b, uniq_maurice
Orc:2:    uniq_snorg
Orc:3:    basic_altar, nicolae_orc_pool_cavern, lightli_orcish_oven
Orc:4:    pubby_orc_utopia
Lab:      labyrinth_skeletal_remains, nicolae_lab_diamond, nicolae_lab_lava,
          nicolae_lab_x
IceCv:    ice_cave_small_giant
Volcano:  volcano_caves

Action                   |  1- 3 |  4- 6 |  7- 9 | 10-12 | 13-15 || total
-------------------------+-------+-------+-------+-------+-------++-------
Melee: War axe           |    40 |    56 |   213 |   280 |       ||   589
       Halberd           |       |       |     1 |       |       ||     1
       Hand axe          |       |       |       |   417 |    66 ||   483
       Battleaxe         |       |       |       |       |   543 ||   543
Throw: Throwing net      |     3 |     2 |     4 |       |       ||     9
 Cast: Regeneration      |       |       |       |       |    13 ||    13
       Conjure Flame     |       |       |       |       |     2 ||     2
Invok: Bend Time         |       |       |       |    18 |       ||    18
       Temporal Distorti |       |       |       |     5 |     4 ||     9
       Slouch            |       |       |       |     7 |    10 ||    17
       Step From Time    |       |       |       |     1 |       ||     1
Evoke: Lamp of fire      |       |       |     1 |     1 |     1 ||     3
       Wand              |       |       |       |     8 |    19 ||    27
       Phantom mirror    |       |       |       |     1 |       ||     1
       Phial of floods   |       |       |       |       |     1 ||     1
  Use: Potion            |     1 |     1 |     5 |     6 |     9 ||    22
       Scroll            |       |       |     3 |    10 |    17 ||    30
 Stab: Held in net/web   |       |     1 |     2 |       |       ||     3
       Sleeping          |       |       |       |     6 |     9 ||    15
       Distracted        |       |       |       |       |     5 ||     5
  Eat: Chunk             |       |     1 |     2 |    14 |     5 ||    22
       Beef jerky        |       |       |       |       |     2 ||     2
       Royal jelly       |       |       |       |       |     1 ||     1
       Bread ration      |       |       |       |       |     2 ||     2
